 Dungeon Crawl Stone Soup version 0.29.1-2-gbd0b4ee654 (webtiles) character file.

Game seed: 128816343685156899

34 GorkyZ the Ducker (level 3, -1/18 HPs)
             Began as a Spriggan Gladiator on Nov 21, 2022.
             Slain by a gnoll
             ... wielding a +0 club
              (5 damage)
             ... on level 3 of the Dungeon.
             The game lasted 00:04:56 (1851 turns).

GorkyZ the Ducker (Spriggan Gladiator)              Turns: 1851, Time: 00:04:56

Health: -1/18      AC:  2    Str: 10    XL:     3   Next: 14%
Magic:  4/4        EV: 19    Int:  9    God:
Gold:   55         SH:  0    Dex: 18    Spells: 2/2 levels left

rFire   . . .      SeeInvis +   a - +0 rapier
rCold   . . .      Faith    .   (no shield)
rNeg    . . .      Spirit   .   b - +0 robe
rPois   .          Reflect  .   c - +0 hat
rElec   .          Harm     .   (no cloak)
rCorr   .          Rampage  .   (gloves unavailable)
Will    .....                   (boots unavailable)
Stlth   ++........              (no amulet)
HPRegen 0.06/turn               (no ring)
MPRegen 0.09/turn               (no ring)

@: very quick
A: very small, no large weapons, unfitting armour, see invisible, speed 3
a: no special abilities


You were on level 3 of the Dungeon.
You visited 1 branch of the dungeon, and saw 3 of its levels.

You collected 93 gold pieces.
You spent 38 gold pieces at shops.

Inventory:

Hand Weapons
 a - a +0 rapier (weapon)
Missiles
 d - 3 throwing nets (quivered)
 e - 8 boomerangs
 l - 5 poisoned darts
 n - 3 curare-tipped darts
Armour
 b - a +0 robe (worn)
 c - a +0 hat (worn)
 i - the +2 leather armour of Activism {Str+3}
   (You found it on level 2 of the Dungeon)

   Str:       It affects your strength (+3).
Scrolls
 f - a scroll of fear {unknown}
 g - a scroll of acquirement {unknown}
 h - a scroll of immolation {unknown}
 o - a scroll of identify
Potions
 j - a potion of flight {unknown}
 k - a potion of haste {unknown}
 m - a potion of brilliance {unknown}
 p - a potion of attraction {unknown}


   Skills:
 * Level 1.9 Fighting
 + Level 3.5 Short Blades
 + Level 2.3 Throwing
 - Level 0.3 Armour
 + Level 4.2 Dodging
 + Level 0.3 Shields
 + Level 1.2 Evocations


You had 2 spell levels left.
You didn't know any spells.
Your spell library contained the following spells:

 Spells                   Type           Power      Damage    Failure   Level
 Ignite Poison            Fire/Tmut/Pois 0%         N/A       77%         3
 Mephitic Cloud           Conj/Pois/Air  0%         N/A       77%         3
 Freezing Cloud           Conj/Ice/Air   0%         6-21      100%        5


Dungeon Overview and Level Annotations

Branches:
Dungeon (3/15)

Altars:
Elyvilon
Uskayaw

Shops:
D:3 *


Innate Abilities, Weirdness & Mutations

You are very small and have problems with some larger weapons.
You are too small for most types of armour.
You have supernaturally acute eyesight. (SInv)
You cover ground extremely quickly. (Speed+++)


Message History

You hit the gnoll but do no damage.
The gnoll is moderately wounded.
The gnoll misses you.
You hit the gnoll but do no damage.
The gnoll is moderately wounded.
You hear a shout!
The gnoll hits you with a +0 club.
You hit the gnoll.
The gnoll is moderately wounded.
The gnoll hits you with a +0 club.
You are too injured to fight recklessly!
You are too injured to fight recklessly!
You are too injured to fight recklessly!
You are too injured to fight recklessly!
You are too injured to fight recklessly!
You are too injured to fight recklessly!
You are too injured to fight recklessly!
You are too injured to fight recklessly!
You are too injured to fight recklessly!
You are too injured to fight recklessly!
You hit the gnoll.
The gnoll is moderately wounded.
The gnoll hits you with a +0 club.
* * * LOW HITPOINT WARNING * * *
You hit the gnoll but do no damage.
The gnoll is moderately wounded.
The gnoll barely misses you.
You barely miss the gnoll.
The gnoll is moderately wounded.
The gnoll barely misses you.
You hit the gnoll but do no damage.
The gnoll is moderately wounded.
The gnoll completely misses you.
You hit the gnoll.
The gnoll is almost dead.
The gnoll misses you.
You closely miss the gnoll.
The gnoll is almost dead.
The gnoll hits you with a +0 club.
You die...

#.##......# #.###.##..##
###.###.......
#.....####..##
.#.....####..# #
.............## ####.##
#............. #####
......g#########..###.##
....## #@........#.......
.....## #.≈≈≈≈≈≈≈.#.######
......##### #≈..≈≈≈..≈#.#
..........# #≈.≈...≈.≈#.#
..........# #≈.≈._.≈.≈#.#
..........# #≈.≈...≈.≈#.#
.....<##.#######≈..≈≈≈..≈#.#
..............##.≈≈≈≈≈≈≈.#
....####.####.##.........##


You could see a gnoll.

Vanquished Creatures
  An adder (D:2)
  A dart slug (D:3)
  2 orcs (D:3)
  5 bats
  2 endoplasms
  2 giant cockroaches (D:2)
  A goblin (D:2)
  A hobgoblin (D:2)
  A ball python (D:2)
  2 kobolds
  2 rats (D:2)
20 creatures vanquished.

Notes
Turn   | Place    | Note
-------+----------+-------------------------------------------
     0 | D:1      | GorkyZ the Spriggan Gladiator began the quest for the Orb.
     0 | D:1      | Reached XP level 1. HP: 10/10 MP: 2/2
   147 | D:1      | You fall into a shaft and drop 1 floor!
   402 | D:2      | Reached XP level 2. HP: 12/15 MP: 3/3
   721 | D:2      | Reached skill level 1 in Evocations
   958 | D:2      | Identified the +2 leather armour of Activism {Str+3}
  1381 | D:3      | Found a hide-covered altar of Uskayaw.
  1552 | D:3      | Reached XP level 3. HP: 18/18 MP: 4/4
  1581 | D:3      | Found a white marble altar of Elyvilon.
  1687 | D:3      | Found Bits's General Store.
  1766 | D:3      | Bought 3 curare-tipped darts for 18 gold pieces
  1766 | D:3      | Bought a scroll of identify for 20 gold pieces
  1851 | D:3      | Slain by a gnoll

Illustrated notes

Levels and vault maps discovered:
D:1:      kilobyte_arrival_exit_the_forest, layout_loops_corners,
          hellmonk_ecumenical_altar_blasted, minmay_misc_feat_tower
D:2:      layout_loops_ring
D:3:      layout_loops_ring, mainiacjoe_overflow_paths,
          mainiacjoe_overflow_alcove_1, serial_shops, nicolae_shop_stone,
          minmay_puff

Skill      XL: |  1  2 |
---------------+-------+-----
Evocations     | 1 |  1.2
Fighting       | |  1.9
Short Blades   | |  3.5
Throwing       | |  2.3
Armour         | |  0.3
Dodging        | |  4.2
Shields        | |  0.3

Action                   || total
-------------------------++-------
Melee: Rapier            ||    89
 Stab: Sleeping          ||     1
Armor: Robe              ||    15
Dodge: Dodged            ||    80
